 Dungeon Crawl Stone Soup version 0.30.1-3-gfc49f6343a (webtiles) character file.

Game seed: 5690479572873598440

792 croobank the Cutter (level 7, -4/51 HPs)
             Began as an Octopode Monk on July 20, 2023.
             Slain by Grinder (8 damage)
             ... while paralysed by Grinder
             ... on level 4 of the Dungeon.
             The game lasted 00:12:58 (3422 turns).

croobank the Cutter (Octopode Monk)                 Turns: 3422, Time: 00:12:59

Health: -4/51      AC:  1    Str: 10    XL:     7   Next: 88%
Magic:  7/7        EV:  2    Int: 14    God:
Gold:   76         SH:  0    Dex: 15    Spells: 6/6 levels left

rFire   . . .        i - +1 dagger (holy)
rCold   . . .        (no shield)
rNeg    . . .        (helmet restricted)
rPois   .            (no amulet)
rElec   .            q - ring of resist corrosion
rCorr   +            (no ring)
SInv    .            (no ring)
Will    .....        (no ring)
Stlth   ++           (no ring)
HPRegen 0.28/turn    (no ring)
MPRegen 0.10/turn    (no ring)
                     (no ring)

%: no passive effects
@: paralysed, slowed
A: almost no armour, amphibious, 8 rings, camouflage 1, gelatinous body 1,
(nimble swimmer 1), tentacles
a: no special abilities


You were on level 4 of the Dungeon.
You visited 1 branch of the dungeon, and saw 4 of its levels.

You collected 168 gold pieces.
You spent 92 gold pieces at shops.

Inventory:

Hand Weapons
 a - a +1 dagger of venom
 b - a +0 sling
 g - a +1 long sword of electrocution
 h - a +0 short sword
 i - a +1 dagger of holy wrath (weapon)
 k - a +2 flail of protection
 p - a +3 hand axe
Missiles
 f - 4 poisoned darts (quivered)
Armour
 c - an orb of light
Jewellery
 q - a ring of resist corrosion (left tentacle)
 s - an amulet of faith
Wands
 n - a wand of flame (7)
Scrolls
 e - 2 scrolls of magic mapping
 j - 2 scrolls of identify {unknown}
 l - a scroll of amnesia {unknown}
 m - a scroll of butterflies {unknown}
 r - a scroll of fog {unknown}
Potions
 d - 3 potions of attraction
 o - a potion of flight


   Skills:
 + Level 5.7 Fighting
 + Level 5.7 Short Blades
 + Level 5.7 Dodging


You had 6 spell levels left.
You didn't know any spells.
Your spell library contained the following spells:

 Spells                   Type           Power      Damage    Failure   Level
 Lesser Beckoning         Tloc           0%         N/A       41%         2
 Gell's Gravitas          Tloc           0%         N/A       65%         3
 Ignite Poison            Fire/Tmut/Pois 0%         N/A       65%         3
 Teleport Other           Tloc           0%         N/A       65%         3
 Sticky Flame             Conj/Fire      0%         2d3       96%         4
 Ignition                 Fire           0%         3d3       100%        8


Dungeon Overview and Level Annotations

Branches:
Dungeon (4/15)
 Temple: D:4-7

Altars:
Uskayaw

Shops:
D:3 *

Annotations:
D:2 1 runed translucent door, Crazy Yiuf
D:3 2 transporters, middlethird's ghost, amateur FoNe
D:4 Grinder; Natasha


Innate Abilities, Weirdness & Mutations

You cannot wear most types of armour.
You are amphibious.
You can wear up to eight rings at the same time.
Your skin changes colour to match your surroundings (Stealth+).
Your rubbery body absorbs attacks. (AC +1, EV +1)
((You are camouflaged when in or above water. (Stealth+)))
You have tentacles for arms and can constrict up to eight enemies at once.


Message History

Aim: Natasha (53% to hit)
You throw a poisoned dart.
The poisoned dart barely misses Natasha.
Grinder shouts!
Natasha mumbles some strange words.
Grinder says, "Don't move a muscle."
Grinder gestures at you.
You suddenly lose the ability to move!
Natasha casts a spell at you. The magic dart hits you.
Grinder grins, showing sharp teeth.
Grinder hits you.
You writhe in agony.
You can move again.
Okay, then.
Okay, then.
Okay, then.
Okay, then.
Natasha casts a spell at you. The magic dart hits you! Grinder gestures at you.
You shrug off the repeated paralysis!
The cerulean imp hits you from afar with a +2 spear.
Okay, then.
Okay, then.
Your +2 flail of protection goes still.
Your +1 dagger of holy wrath softly glows with a divine radiance!
i - a +1 dagger of holy wrath (weapon)
Grinder gestures at you.
You suddenly lose the ability to move!
The cerulean imp hits you from afar with a +2 spear.
Grinder hits you!
* * * LOW HITPOINT WARNING * * *
The cerulean imp completely misses you.
Natasha mumbles some strange words.
Grinder hits you!
* * * LOW HITPOINT WARNING * * *
The cerulean imp hits you from afar with a +2 spear.
* * * LOW HITPOINT WARNING * * *
Grinder hits you!
You die...

##.#.....# #.#...###
#. #.#...# ..(#
#.#...# ..# #
#.#...#########..#.#
#..<..........$....#
###........(........
##.>######5.5.....
#......@5h....#
#.#######.#.#.# #.#
#........ #.#
###.##### #.# .# ...
# ..


You could see Grinder, Natasha and 2 cerulean imps.

Vanquished Creatures
  Sigmund (D:2)
  Edmund (D:4)
  A centaur (D:4)
  2 phantoms
  A scorpion (D:4)
  Terence (D:2)
  Natasha (D:4)
  Robin (D:2)
  3 gnolls (D:3)
  4 adders (D:2)
  A worm (D:2)
  A dart slug (D:1)
  An orc (D:3)
  13 endoplasms
  7 giant cockroaches
  14 goblins
  8 hobgoblins
  6 jackals
  8 quokkas
  5 ball pythons
  9 bats
  5 frilled lizards
  5 kobolds
  A rat (D:1)
100 creatures vanquished.

Notes
Turn   | Place    | Note
-------+----------+-------------------------------------------
     0 | D:1      | croobank the Octopode Monk began the quest for the Orb.
     0 | D:1      | Reached XP level 1. HP: 16/16 MP: 1/1
   154 | D:1      | Reached XP level 2. HP: 21/21 MP: 2/2
   408 | D:1      | Reached XP level 3. HP: 25/26 MP: 3/3
   883 | D:2      | Reached XP level 4. HP: 32/33 MP: 4/4
  1097 | D:2      | Noticed Terence
  1147 | D:2      | Noticed Robin
  1374 | D:2      | Killed Robin
  1619 | D:2      | Noticed Sigmund
  1635 | D:2      | Killed Sigmund
  1636 | D:2      | Reached XP level 5. HP: 14/38 MP: 5/5
  1636 | D:2      | Reached XP level 6. HP: 17/44 MP: 6/6
  1940 | D:2      | Killed Terence
  2061 | D:2      | Found a runed translucent door.
  2062 | D:2      | Noticed Crazy Yiuf
  2308 | D:3      | Found a hide-covered altar of Uskayaw.
  2324 | D:3      | Found a transporter.
  2330 | D:3      | Found a transporter.
  2331 | D:3      | Noticed middlethird's ghost (amateur FoNe)
  2332 | D:3      | Identified the +1 dire flail "Bung" {freeze, Str+4}
  2567 | D:3      | Found Ohumpecu's Assorted Antiques.
  2578 | D:3      | Bought a forked silver wand for 92 gold pieces
  2978 | D:4      | Noticed Natasha
  2988 | D:4      | Killed Natasha
  2989 | D:4      | Reached skill level 5 in Fighting
  2989 | D:4      | Reached skill level 5 in Short Blades
  2989 | D:4      | Reached skill level 5 in Dodging
  2989 | D:4      | Reached XP level 7. HP: 17/50 MP: 7/7
  3213 | D:4      | Noticed Edmund
  3228 | D:4      | Killed Edmund
  3411 | D:4      | Noticed Natasha
  3411 | D:4      | Noticed Grinder
  3413 | D:4      | Paralysed by Grinder for 4 turns
  3419 | D:4      | Paralysed by Grinder for 3 turns
  3422 | D:4      | Slain by Grinder

Illustrated notes

Levels and vault maps discovered:
D:1:      heliophobic_arrival_henge, layout_basic, minmay_misc_feat_room,
          grunt_decor_arrowhead
D:2:      layout_loops_corners, minmay_octomino_j4, uniq_robin, uniq_terence,
          uniq_sigmund, uniq_crazy_yiuf_cottage
D:3:      layout_loops_ring, mainiacjoe_overflow_cross_hatched,
          gammafunk_ghost_smash, serial_shops, nicolae_shop_tiny_waterfront
D:4:      layout_loops_ring, mainiacjoe_overflow_alcove_1,
          nicolae_overflow_hidden_temple, kennysheep_cluttered_room,
          minmay_surrounded, uniq_natasha, uniq_edmund, uniq_grinder

Skill      XL: |  1  2  3  4  5  6 |
---------------+-------------------+-----
Fighting       | 4 5 |  5.7
Short Blades   | 4 5 |  5.7
Dodging        | 4 5 |  5.7

Action                     |  1- 3 |  4- 6 |  7- 9 || total
---------------------------+-------+-------+-------++-------
  Melee: Short sword       |   100 |    13 |       ||   113
         Constrict         |    17 |    32 |     2 ||    51
         Tentacles         |    16 |    28 |    14 ||    58
         Punch             |     1 |     3 |       ||     4
         Dagger            |       |   113 |    31 ||   144
         Long sword        |       |     2 |       ||     2
         Flail             |       |       |    21 ||    21
  Throw: Dart              |       |     4 |     1 ||     5
         Throwing net      |       |     6 |     2 ||     8
  Evoke: Wand              |       |     2 |       ||     2
    Use: Potion            |     1 |     8 |       ||     9
         Scroll            |     1 |     1 |       ||     2
   Stab: Sleeping          |     5 |     8 |     1 ||    14
         Held in net/web   |       |     2 |       ||     2
 Armour: Skin              |    10 |    10 |     9 ||    29
  Dodge: Dodged            |    78 |   100 |    35 ||   213
